 Dungeon Crawl Stone Soup version 0.32-a0-841-g4648e6c457 (webtiles) character file.

Game seed: 733346762532843747

9264 Maxmaps the Prestidigitator (level 11, -3/67 HPs)
             Began as an Octopode Conjurer on Mar 26, 2024.
             Was an Initiate of Gozag.
             Slain by a two-headed ogre
             ... wielding a +0 giant club
              (18 damage)
             ... on level 10 of the Dungeon.
             The game lasted 00:24:39 (12457 turns).

Maxmaps the Prestidigitator (Octopode Conjurer)    Turns: 12457, Time: 00:24:39

Health: -3/67      AC:  1    Str:  7    XL:     11   Next: 43%
Magic:  17/17      EV: 29    Int: 24    God:    Gozag
Gold:   253        SH:  5    Dex: 11    Spells: 12/18 levels left

rFire   . . .        o - staff of earth
rCold   + . .        (no shield)
rNeg    . . .        (helmet currently unavailable)
rPois   .            m - amulet of reflection
rElec   .            F - ring of the Hare {EV+10}
rCorr   .            n - ring of flight
SInv    +            t - +5 ring of evasion
Will    .....        A - ring of protection from cold
Stlth   +++          B - ring of Starshine {Slay+5 SInv}
HPRegen 0.31/turn    (no ring)
MPRegen 0.15/turn    (no ring)
                     (no ring)

%: reflection
@: beast-form, flying
A: beast (slay +4), almost no armour, amphibious, 8 rings, camouflage 1,
gelatinous body 1, (nimble swimmer 1), tentacles
a: Begin Untransformation, Renounce Religion, Potion Petition, Call Merchant,
Bribe Branch


You were on level 10 of the Dungeon.
You worshipped Gozag.
Gozag was aware of your devotion.
You were a hulking beast.
You visited 1 branch of the dungeon, and saw 11 of its levels.

You collected 1855 gold pieces.
You spent 1536 gold pieces at shops.
You paid 66 gold pieces to Gozag.

Inventory:

Magical Staves
 o - a staff of earth (weapon)
Jewellery
 m - an amulet of reflection (around mantle)
 n - a ring of flight (right tentacle)
 r - an amulet of the acrobat
 t - a +5 ring of evasion (on tentacle)
 A - a ring of protection from cold (on tentacle)
 B - the ring of Starshine (on tentacle) {Slay+5 SInv}
   (You took it off an orc priest on level 8 of the Dungeon)

   [ring of see invisible]

   Slay+5:    It affects your accuracy & damage with ranged weapons and melee
   (+5).
   SInv:      It lets you see invisible.
 D - a ring of fire
 F - the ring of the Hare (left tentacle) {EV+10}
   (You bought it in a shop on level 3 of the Dungeon)

   [ring of evasion]

   EV+10:     It affects your evasion (+10).
Talismans
 i - a flux talisman
 q - a beast talisman (active)
Wands
 c - a wand of digging (4)
 w - a wand of mindburst (10)
 y - a wand of flame (23)
 z - a wand of acid (11)
Scrolls
 a - 2 scrolls of identify
 s - a scroll of enchant armour
 x - a scroll of teleportation
 C - a scroll of amnesia
 E - a scroll of fog {unknown}
Potions
 b - a potion of haste
 d - 4 potions of curing
 e - a potion of invisibility
 f - 3 potions of resistance
 g - 2 potions of enlightenment
 h - a potion of ambrosia {unknown}
 j - 2 potions of heal wounds
 k - 3 potions of might
 l - a potion of mutation
 p - 2 potions of attraction
 u - a potion of degeneration
 v - 3 potions of brilliance


   Skills:
 - Level 3.0 Fighting
 - Level 8.0 Dodging
 - Level 2.6 Stealth
 - Level 4.1 Spellcasting
 - Level 5.1 Conjurations
 - Level 8.0 Earth Magic
 + Level 10.1 Evocations
 - Level 7.2 Shapeshifting


You had 12 spell levels left.
You knew the following spells:

 Your Spells              Type           Power      Damage    Failure   Level
a - Magic Dart            Conj           100%       1d8       1%          1
b - Searing Ray           Conj           58%        2d6       1%          2
c - Stone Arrow           Conj/Erth      100%       3d13      1%          3

Your spell library contained the following spells:

 Spells                   Type           Power      Damage    Failure   Level
 Sandblast                Erth           100%       2d20      1%          1
 Foxfire                  Conj/Fire      68%        2x1d7     3%          1
 Kiss of Death            Conj/Necr      68%        2d10      3%          1
 Static Discharge         Conj/Air       34%        3-5/arc   4%          2
 Brom's Barrelling Bould  Conj/Erth      53%        2d7       6%          4
 Freeze                   Ice            16%        1d4       10%         1
 Hailstorm                Conj/Ice       17%        3d6       10%         3
 Lesser Beckoning         Tloc           8%         N/A       14%         2
 Confusing Touch          Hex            4%         N/A       28%         3
 Frozen Ramparts          Ice            8%         1d2       28%         3
 Gell's Gravitas          Tloc           4%         N/A       28%         3
 Teleport Other           Tloc           4%         N/A       28%         3
 Fulminant Prism          Conj/Alch      8%         3d7       32%         4
 Iskenderun's Mystic Bla  Conj/Tloc      17%        2d5       32%         4
 Airstrike                Air            2%         2d(1-17)  67%         4
 Dispel Undead            Necr           4%         3d7       67%         4
 Summon Lightning Spire   Summ/Air       4%         N/A       67%         4
 Starburst                Conj/Fire      8%         6d4       99%         6
 Plasma Beam              Fire/Air       2%         2x1d12    100%        6


Dungeon Overview and Level Annotations

Branches:
Dungeon (11/15)            Temple (0/1) D:4            Lair (0/5) D:10
    Orc: D:9-12

Altars:
Elyvilon
Gozag
Hepliaklqana
Kikubaaqudgha
Okawaru
Qazlal
Ru
Sif Muna
Wu Jian
Zin

Shops:
D:3 [=*:!   D:8 [:   D:10 *

Annotations:
D:5 2 transporters, JoadsterXIII's ghost, novice SpHu


Innate Abilities, Weirdness & Mutations

You are a hulking beast.
Your limbs bulge with bestial killing power. (Slay +4)
You cannot wear most types of armour.
You are amphibious.
You can wear up to eight rings at the same time.
Your skin changes colour to match your surroundings (Stealth+).
Your rubbery body absorbs attacks. (AC +1, EV +1)
((You are camouflaged when in or above water. (Stealth+)))
You have tentacles for arms and can constrict up to eight enemies at once.


Message History

You hit the ogre!
The ground beneath the ogre fractures!
You kill the ogre!
Your Evocations skill increases to level 10!
You completely miss the ogre. You squeeze the ogre!
The ogre is moderately wounded.
The ogre completely misses you.
You barely miss the ogre.
The ogre is moderately wounded.
The ogre completely misses you.
You hit the ogre!
The ground beneath the ogre fractures.
The ogre is almost dead.
You block the ogre's attack.
You barely miss the ogre. You squeeze the ogre.
You kill the ogre!
You hit the two-headed ogre.
The two-headed ogre is lightly wounded.
The two-headed ogre closely misses you. The two-headed ogre misses you.
You hit the two-headed ogre but do no damage.
The ground beneath the two-headed ogre fractures!
The two-headed ogre is moderately wounded.
The two-headed ogre misses you.
The two-headed ogre hits you with a +0 giant club!!
You hear a shout!
You barely miss the two-headed ogre.
The two-headed ogre is moderately wounded.
The two-headed ogre hits you with a +0 giant club!!
* * * LOW HITPOINT WARNING * * *
The two-headed ogre completely misses you.
You hear two shouts!
You hit the two-headed ogre!
The ground beneath the two-headed ogre fractures!
You squeeze the two-headed ogre!
The two-headed ogre is almost dead.
You hear two shouts! x2
You closely miss the two-headed ogre.
The two-headed ogre is almost dead.
The two-headed ogre completely misses you.
The two-headed ogre hits you with a +0 giant club!!
You die...
Your body crumbles into a pile of gold.

#.....#
#..........#####..
#######
##..........####..
###.........##.)[
#.......[.##...
##.........#.#.
##.....~)...#.
#....~#...##.
########..####.##..
##Oh..###.## ####.#
#.####.##.# #.. #.#
##..## ### #.# ####
#. ##. #. . #. .>
#. OO #.


OO. #. You could see a two-headed ogre.

Vanquished Creatures
  A two-headed ogre (D:10)
  A kobold demonologist (D:11)
  2 unseen horrors
  Maggie (D:7)
  2 trolls
  13 yaks
  2 wyverns
  A steam dragon (D:9)
  4 water moccasins
  2 ice beasts (D:6)
  4 orc warriors
  A sky beast (D:8)
  3 black bears
  8 ogres
  2 centaurs
  3 kobold brigands
  5 scorpions
  4 bullfrogs
  3 wights (D:7)
  6 killer bees (D:5)
  A bombardier beetle (D:7)
  A howler monkey (D:8)
  2 hounds
  8 orc priests
  Terence (D:2)
  4 iguanas
  11 orc wizards
  An ogre zombie (D:10)
  Robin (D:2)
  5 adders
  2 shadow imps
  A white imp (D:8)
  2 ufetubi
  4 dart slugs
  2 ribbon worms
  38 orcs
  9 ball pythons
  6 bats
  11 endoplasms
  9 giant cockroaches
  15 goblins
  9 hobgoblins
  22 jackals
  23 kobolds
  4 quokkas
  4 frilled lizards
  7 rats
271 creatures vanquished.

Vanquished Creatures (collateral kills)
  2 yaks (D:11)
  An orc warrior (D:11)
  2 orc priests (D:11)
  An orc (D:11)
6 creatures vanquished.

Vanquished Creatures (others)
  An orc wizard (D:8)
1 creature vanquished.

Grand Total: 278 creatures vanquished

Notes
Turn   | Place    | Note
-------+----------+-------------------------------------------
     0 | D:1      | Maxmaps the Octopode Conjurer began the quest for the Orb.
     0 | D:1      | Reached XP level 1. HP: 11/11 MP: 3/3
     1 | D:1      | Found a runed translucent door.
   318 | D:1      | Reached XP level 2. HP: 18/18 MP: 5/5
   543 | D:1      | Reached skill level 1 in Fighting
   860 | D:1      | Reached XP level 3. HP: 24/24 MP: 6/6
  1250 | D:1      | Learned a level 2 spell: Searing Ray
  1465 | D:2      | Reached XP level 4. HP: 28/31 MP: 7/7
  1542 | D:2      | Found a glowing silver altar of Zin.
  1677 | D:2      | Noticed Robin
  1716 | D:2      | Killed Robin
  2012 | D:2      | Reached skill level 5 in Conjurations
  2316 | D:2      | Noticed Terence
  2325 | D:2      | Killed Terence
  2326 | D:2      | Reached XP level 5. HP: 36/36 MP: 0/8
  2715 | D:3      | Found Noigos's Jewellery Boutique.
  2805 | D:3      | Found Suopeasch's Armour Shop.
  3074 | D:3      | Found Giyfo's Book Shop.
  3151 | D:3      | Reached XP level 6. HP: 33/42 MP: 3/11
  3313 | D:3      | Found a faded altar of an unknown god.
  3568 | D:3      | Found Woream's Assorted Antiques.
  3579 | D:3      | Found Iqonum's Distillery.
  4079 | D:2      | Learned a level 3 spell: Stone Arrow
  4429 | D:4      | Found a staircase to the Ecumenical Temple.
  4655 | D:4      | Found a shimmering blue altar of Sif Muna.
  4656 | D:4      | Found a white marble altar of Elyvilon.
  4656 | D:4      | Found an ornate altar of the Wu Jian Council.
  4656 | D:4      | Found a sacrificial altar of Ru.
  4664 | D:4      | Found a hazy altar of Hepliaklqana.
  4669 | D:4      | Found an iron altar of Okawaru.
  4724 | D:5      | Entered Level 5 of the Dungeon
  4895 | D:5      | Reached skill level 1 in Shapeshifting
  4961 | D:5      | Found an opulent altar of Gozag.
  5053 | D:5      | Became a worshipper of Gozag Ym Sagoz the Greedy
  5365 | D:5      | Found an ancient bone altar of Kikubaaqudgha.
  5375 | D:5      | Reached XP level 7. HP: 17/46 MP: 8/13
  5378 | D:5      | HP: 2/46 [killer bee (9)]
  5690 | D:5      | Found a transporter.
  5694 | D:5      | Found a transporter.
  5695 | D:5      | Noticed JoadsterXIII's ghost (novice SpHu)
  6056 | D:6      | Reached skill level 5 in Shapeshifting
  6119 | D:6      | Reached XP level 8. HP: 52/52 MP: 10/14
  7254 | D:7      | Reached skill level 1 in Earth Magic
  7426 | D:7      | You are sucked into a shaft and drop 3 floors!
  7426 | D:10     | Entered Level 10 of the Dungeon
  7462 | D:10     | Found Evvaivel's General Store.
  7466 | D:10     | Noticed a yak
  7506 | D:10     | Noticed a yak
  7507 | D:10     | Noticed a yak
  7555 | D:11     | Noticed a troll
  7574 | D:11     | Noticed a yak
  7574 | D:11     | Noticed a yak
  7574 | D:11     | Noticed a yak
  7574 | D:11     | Noticed a yak
  7574 | D:11     | Noticed a yak
  7574 | D:11     | Noticed a yak
  7585 | D:11     | Killed a yak
  7586 | D:11     | Reached XP level 9. HP: 34/56 MP: 13/15
  7596 | D:11     | Reached skill level 5 in Earth Magic
  7596 | D:11     | Noticed a kobold demonologist
  7605 | D:11     | Noticed a smoke demon
  7616 | D:11     | Noticed a rust devil
  7618 | D:11     | Killed a kobold demonologist
  7991 | D:11     | Killed a troll
  8080 | D:10     | Reached skill level 5 in Dodging
  8080 | D:10     | Reached XP level 10. HP: 63/63 MP: 9/16
  8195 | D:10     | Identified the +0 cloak of Conoph {Str+4}
  8821 | D:9      | Found a stormy altar of Qazlal.
  9102 | D:8      | Found Joisit's Antique Armour Boutique.
  9170 | D:7      | Reached skill level 1 in Evocations
  9341 | D:7      | Noticed Maggie
  9351 | D:7      | Killed Maggie
  9352 | D:7      | Reached skill level 2 in Evocations
  9407 | D:7      | Reached skill level 3 in Evocations
  9956 | D:8      | Identified the ring of Starshine {Slay+5 SInv}
  9965 | D:8      | Reached skill level 4 in Evocations
 10335 | D:8      | Found Piucsi's Book Shoppe.
 10572 | D:9      | Reached skill level 5 in Evocations
 11109 | D:9      | Reached skill level 6 in Evocations
 11280 | D:3      | Bought the ring of the Hare {EV+10} for 1536 gold pieces
 11280 | D:3      | Found the ring of the Hare {EV+10}
 11613 | D:9      | Reached XP level 11. HP: 64/67 MP: 4/17
 11617 | D:9      | Reached skill level 7 in Evocations
 11737 | D:10     | Noticed a two-headed ogre
 11751 | D:9      | Reached skill level 8 in Evocations
 12060 | D:10     | Killed a two-headed ogre
 12218 | D:9      | Reached skill level 9 in Evocations
 12259 | D:10     | Found a staircase to the Lair.
 12437 | D:10     | Noticed a two-headed ogre
 12437 | D:10     | Noticed a two-headed ogre
 12449 | D:10     | Reached skill level 10 in Evocations
 12457 | D:10     | Slain by a two-headed ogre

Illustrated notes

Levels and vault maps discovered:
D:1:      dpeg_arrival_caged_fury, layout_basic, supply_closet_lemuel,
          corner_web_ring, chequers_serial_rivers_small_a
D:2:      layout_basic, basic_altar, uniq_robin, uniq_terence
D:3:      minmay_spotlight, layout_basic, serial_shops, shop,
          nicolae_diamond_shop, shop, shop, shop,
          shapermc_ecumenical_altar_flowoftime
D:4:      layout_cave_pools, minmay_overflow_temple_hex,
          minmay_temple_entry_from_below_a, corexii_corridor_pit
D:5:      layout_basic, kiku_gazebo_garden_becter, nicolae_gozag_seed_capital,
          gammafunk_ghost_mausoleum
D:6:      minmay_flawed_box, layout_basic
D:7:      layout_basic, uniq_maggie
D:8:      layout_loops_ring, serial_shops, kennysheep_little_box, shop
D:9:      layout_irregular_city, nicolae_qazlal_general_emergency,
          grunt_decor_arrowhead, minivault_22
D:10:     lemuel_ogre_cave, layout_basic, due_lair_maze_entry_diamond,
          serial_shops, shop
D:11:     layout_irregular_city, grunt_ogre_cave

Skill      XL: |  1  2  3  4  5  6  7  8  9 10 11 |
---------------+----------------------------------+-----
Fighting       | 1 3 |  3.0
Conjurations   | 5 |  5.1
Spellcasting   | 3 4 |  4.1
Shapeshifting  | 3 5 7 |  7.2
Earth Magic    | 4 8 |  8.0
Dodging        | 5 8 |  8.0
Evocations     | 6 10 | 10.1
Stealth        | |  2.6

Action                     |  1- 3 |  4- 6 |  7- 9 | 10-12 || total
---------------------------+-------+-------+-------+-------++-------
  Melee: Unarmed           |    84 |    62 |       |       ||   146
         Tentacles         |    24 |    28 |    15 |    60 ||   127
         Constrict         |    23 |    42 |    15 |    50 ||   130
         Punch             |       |     1 |       |       ||     1
         Staff             |       |    31 |    56 |   199 ||   286
   Cast: Magic Dart        |     9 |    60 |     3 |     7 ||    79
         Searing Ray       |     1 |     5 |     2 |     2 ||    10
         Stone Arrow       |       |     9 |    43 |    26 ||    78
    Use: Scroll            |       |     5 |     9 |     3 ||    17
         Potion            |       |     1 |     5 |     3 ||     9
   Stab: Sleeping          |     8 |     5 |       |     3 ||    16
         Invisible         |       |       |       |     4 ||     4
 Armour: Skin              |    34 |    66 |    41 |    65 ||   206
  Dodge: Dodged            |    55 |    68 |    49 |   242 ||   414
  Block: Other             |       |    13 |    29 |    44 ||    86
         Reflection        |       |       |     1 |     2 ||     3
   Form: Beast             |       |     1 |       |       ||     1

Table legend: (Time is in decaauts)
 A = Elapsed time spent in this place.
 B = Non-inter-level travel time spent in this place.
 C = Inter-level travel time spent in this place.
 D = Time resting spent in this place.
 E = Time spent auto-exploring this place.
 F = Levels seen in this place.
 G = Mean time per level.
                   A        B        C        D        E       F      G
               +--------+--------+--------+--------+--------+-----+--------+
         Total |  12507 |  11556 |    951 |   1884 |   7711 |  11 | 1137.0 |
       Dungeon |  12507 |  11556 |    951 |   1884 |   7711 |  11 | 1137.0 |
               +--------+--------+--------+--------+--------+-----+--------+

Top non-repeatable levels by time:
     D:9: 1673 daAuts
     D:1: 1493 daAuts
     D:3: 1368 daAuts
     D:6: 1284 daAuts
     D:2: 1273 daAuts
     D:5: 1251 daAuts
     D:8: 1086 daAuts
     D:7: 971 daAuts
    D:10: 905 daAuts
     D:4: 634 daAuts
    D:11: 565 daAuts
